 Dungeon Crawl Stone Soup version 0.20-a0-513-g02c11fc (webtiles) character file.

2799 kae the Carver (level 9, -5/74 HPs)
             Began as a Barachian Fighter on Jan 23, 2017.
             Was a Priest of Cheibriados.
             Slain by an orc
             ... wielding a +0 mace
              (6 damage)
             ... on level 8 of the Dungeon.
             The game lasted 00:10:22 (6515 turns).

kae the Carver (Barachian Fighter)                  Turns: 6515, Time: 00:10:23

Health: -5/74      AC: 13    Str: 24 (25) XL:     9   Next: 71%
Magic:  5/12       EV:  7    Int: 12 (13) God:    Cheibriados [***...]
Gold:   275        SH: 10    Dex: 16 (17) Spells: 8/8 levels left

rFire    . . .     SeeInvis .   H - +0 scimitar
rCold    . . .     Gourm    +   b - +1 scale mail
rNeg     . . .     Faith    .   c - +0 shield
rPois    .         Spirit   .   (no helmet)
rElec    .         Reflect  .   x - +1 cloak
rCorr    .         Harm     .   (no gloves)
MR       .....                  r - +0 pair of boots
Stlth    ..........             w - amulet of the gourmand
Regen    0.3/turn               (no ring)
                                (no ring)

@: lethally poisoned (-5 -> -5), very slow
A: swims, slowness 1, strong legs 1
a: Hop, Bend Time, Temporal Distortion, Renounce Religion


You were on level 8 of the Dungeon.
You worshipped Cheibriados.
Cheibriados was most pleased with you.
You were very full.

You visited 1 branch of the dungeon, and saw 10 of its levels.

You collected 301 gold pieces.
You spent 26 gold pieces at shops.

Inventory:

Hand Weapons
 a - a +1 long sword
 H - a +0 scimitar (weapon)
Missiles
 d - 2 throwing nets (quivered)
Armour
 b - a +1 scale mail (worn)
 c - a +0 shield (worn)
 r - a +0 pair of boots (worn)
 x - a +1 cloak (worn)
Jewellery
 w - an amulet of the gourmand (around neck)
Wands
 e - a wand of digging (7/24)
 t - a wand of acid (6/15)
 E - a wand of flame (14/48)
Scrolls
 g - 4 scrolls of teleportation
 h - 3 scrolls of enchant weapon
 q - a scroll of immolation
 v - a scroll of remove curse
 y - 2 scrolls of fog
 z - 2 scrolls of enchant armour
 A - 2 scrolls of identify
Potions
 i - a potion of mutation
 k - a potion of flight
 m - a potion of cancellation
 p - a potion of berserk rage
 s - 2 potions of brilliance
 B - a potion of agility
Books
 u - a book of Misfortune

   Spells                             Type                      Level
   a - Confusing Touch                Hexes                        1
   b - Confuse                        Hexes                        3
   c - Gell's Gravitas                Hexes/Translocation          3
   d - Petrify                        Transmutation/Earth          4
   e - Metabolic Englaciation         Hexes/Ice                    5
   f - Yara's Violent Unravelling     Hexes/Transmutation          5
Comestibles
 f - 2 bread rations
 l - 7 meat rations
 n - 9 fruits
 F - a royal jelly


   Skills:
 + Level 8.2 Fighting
 * Level 11.3 Long Blades
 + Level 8.3 Armour
 - Level 3.0 Shields
 + Level 4.0 Invocations


You had 8 spell levels left.
You didn't know any spells.

Dungeon Overview and Level Annotations

Branches:
Dungeon (10/15)            Temple (0/1) D:6             Orc (0/2) D:9
   Lair: D:8-11

Altars:
Cheibriados
Hepliaklqana
Sif Muna
Trog
Uskayaw
Zin

Shops:
D:7 *


Innate Abilities, Weirdness & Mutations

You can swim through water.
You cover ground slowly.
You can hop short distances.


Message History

* * * LOW HITPOINT WARNING * * *
You feel sick.
You start resting.
Okay, then.
Evoke which item? (* to show all) (? for menu, Esc to quit)
Aiming: Corrosive Bolt (will waste charges)
Press: ? - help, Shift-Dir - straight line, f - orc
Aim: an orc, wielding a hand axe The bolt of acid hits the orc.
The orc is splashed with acid.
The acid corrodes the orc!
You kill the orc!
Cheibriados appreciates the change of pace.
Evoking this partially-identified wand wasted a few charges.
You start resting.
An orc comes into view. It is wielding a mace.
You hit the orc.
The orc is heavily wounded.
* * * LOW HITPOINT WARNING * * *
You feel sick. The orc hits you with a mace.
You die...

# # ### #
###.y # #....#
#####
##...#.##
.###....
#....##.#
........
#...#@##
#.##....
#..)o####.##..
#.###
###....o......
#. #.
##########.. #
#.. ##. ## #


You could see an orc.

Vanquished Creatures
  An orc warrior (D:7)
  A phantom (D:4)
  2 centaurs
  5 ogres
  A crocodile (D:7)
  A big kobold (D:6)
  5 bullfrogs
  5 scorpions
  4 killer bees
  A howler monkey (D:4)
  4 crimson imps
  A centaur zombie (D:7)
  A quasit (D:6)
  4 orc priests
  A bullfrog zombie (D:5)
  3 jellies
  3 bullfrog skeletons
  A centaur skeleton (D:8)
  An iguana (D:7)
  4 orc wizards
  4 worker ants
  A killer bee zombie (D:5)
  A hound zombie (D:5)
  A hound skeleton (D:9)
  A howler monkey zombie (D:9)
  4 gnolls (D:2)
  6 adders
  A howler monkey skeleton (D:7)
  A shadow imp (D:5)
  2 oozes
  An adder zombie (D:7)
  An adder skeleton (D:9)
  A worm (D:2)
  A dart slug (D:1)
  3 leopard geckos
  30 orcs
  7 bats
  A giant cockroach (D:1)
  6 hobgoblins
  12 jackals
  4 quokkas
  A ball python skeleton (D:4)
  8 frilled lizards
  6 goblins
  A jackal skeleton (D:5)
  4 kobolds
  2 leopard gecko skeletons (D:5)
  5 rats
165 creatures vanquished.

Notes
Turn   | Place    | Note
-------+----------+-------------------------------------------
     0 | D:1      | kae the Barachian Fighter began the quest for the Orb.
     0 | D:1      | Reached XP level 1. HP: 18/18 MP: 1/1
    83 | D:1      | Reached XP level 2. HP: 24/24 MP: 2/2
   365 | D:1      | Reached skill level 3 in Long Blades
   513 | D:1      | Reached XP level 3. HP: 29/29 MP: 3/3
   967 | D:2      | Found a glowing silver altar of Zin.
  1020 | D:2      | Reached skill level 8 in Long Blades
  1020 | D:2      | Reached XP level 4. HP: 14/41 MP: 4/4
  1036 | D:2      | Reached XP level 5. HP: 28/47 MP: 5/5
  1480 | D:3      | Reached skill level 9 in Long Blades
  1888 | D:3      | Reached XP level 6. HP: 53/53 MP: 6/6
  2276 | D:3      | Found a deep blue altar of Sif Muna.
  2388 | D:4      | Found a hazy altar of Hepliaklqana.
  2428 | D:4      | Noticed a phantom
  2483 | D:4      | Killed a phantom
  2646 | D:4      | Found a snail-covered altar of Cheibriados.
  2648 | D:4      | Found a hide-covered altar of Uskayaw.
  2677 | D:4      | Became a worshipper of Cheibriados the Contemplative
  2730 | D:4      | Reached XP level 7. HP: 60/60 MP: 7/7
  3110 | D:5      | Entered Level 5 of the Dungeon
  3317 | D:5      | Reached * piety under Cheibriados
  3603 | D:5      | Reached skill level 1 in Invocations
  3676 | D:5      | Reached XP level 8. HP: 51/67 MP: 7/9
  4047 | D:6      | Found a bloodstained altar of Trog.
  4195 | D:6      | Reached skill level 10 in Long Blades
  4320 | D:6      | Found a staircase to the Ecumenical Temple.
  4376 | D:6      | Reached ** piety under Cheibriados
  5091 | D:7      | Found Bewekk's General Store.
  5095 | D:7      | Reached XP level 9. HP: 66/74 MP: 11/11
  5113 | D:7      | Bought a scroll of identify for 26 gold pieces
  5524 | D:7      | You fall through a shaft!
  5566 | D:8      | Reached skill level 11 in Long Blades
  5631 | D:7      | Reached *** piety under Cheibriados
  6092 | D:8      | You fall through a shaft for 2 floors!
  6092 | D:10     | Entered Level 10 of the Dungeon
  6122 | D:9      | Noticed a two-headed ogre
  6280 | D:9      | Found a staircase to the Orcish Mines.
  6312 | D:8      | HP: 3/74 [poisoned by a killer bee]
  6500 | D:8      | HP: 3/74 [poisoned by a killer bee]
  6507 | D:8      | HP: 1/74 [poisoned by a killer bee]
  6515 | D:8      | HP: 1/74 [poisoned by a killer bee]
  6515 | D:8      | Slain by an orc

Vault maps used:
D:1:      dpeg_arrival_shrine, minmay_misc_feat_hallway
D:2:      old_standard_altar
D:3:      lemuel_blue_sif_altar
D:4:      lemuel_round_altar, nicolae_overflow_hidden_temple, first_bread
D:6:      basic_altar, minmay_small_thing
D:7:      serial_shops, shop
D:9:      fedhas_altar_fruit_tree, orc_0_dummy, serial_ice, serial_ice_l,
          serial_ice_c, serial_ice_g, serial_ice_b, serial_ice_o, serial_ice_e,
          serial_shops, nicolae_shop_overgrown_old_shop, solitary_fountain
D:10:     uniq_joseph

Skill      XL: |  1  2  3  4  5  6  7  8  9 |
---------------+----------------------------+-----
Long Blades    | 3 8 9 10 11 | 11.3
Fighting       | 6 7 8 |  8.2
Armour         | 6 7 8 |  8.3
Invocations    | 1 3 4 |  4.0
Shields        | |  3.0

Action                   |  1- 3 |  4- 6 |  7- 9 || total
-------------------------+-------+-------+-------++-------
Melee: Long sword        |    93 |   142 |   329 ||   564
       Scimitar          |       |       |    56 ||    56
Invok: Bend Time         |       |       |     2 ||     2
       Temporal Distorti |       |       |     2 ||     2
 Abil: Hop               |     1 |     1 |     4 ||     6
Evoke: Wand              |       |     2 |     1 ||     3
  Use: Scroll            |     3 |     6 |    15 ||    24
       Potion            |     1 |     3 |     4 ||     8
 Stab: Distracted        |       |       |     1 ||     1
  Eat: Chunk             |     1 |     4 |    20 ||    25
       Fruit             |       |     1 |       ||     1
Armor: Scale mail        |    62 |    54 |   209 ||   325
Dodge: Dodged            |    40 |    41 |   123 ||   204
Block: Shield            |    65 |    50 |   190 ||   305
       Rpst.: Long sword |    17 |    17 |    25 ||    59
       Scimitar          |       |       |    22 ||    22
